 Dungeon Crawl Stone Soup version 0.26.1-2-gb8aa6d0cf2 (webtiles) character file.

Game seed: 4781710768481212716

2296 Revguard the Chopper (level 9, -2/70 HPs)
             Began as a Palentonga Fighter on Feb 25, 2021.
             Was a Priest of Hepliaklqana.
             Killed by divine providence
             ... invoked by an orc priest
              (7 damage)
             ... on level 7 of the Dungeon on Feb 26, 2021.
             The game lasted 00:23:35 (5176 turns).

Revguard the Chopper (Palentonga Fighter)           Turns: 5176, Time: 00:23:35

Health: -2/70      AC: 21    Str: 25 (28) XL:     9   Next: 17%
Magic:  13/13      EV:  3    Int:  5 (9)  God:    Hepliaklqana [***...]
Gold:   403        SH: 10    Dex: 10 (13) Spells: 8/8 levels left

rFire    . . .     SeeInvis +   a - +0 war axe
rCold    + . .     Faith    .   c - +0 kite shield
rNeg     + . .     Spirit   .   E - +1 plate armour
rPois    +         Reflect  .   n - +0 helmet
rElec    +         Harm     .   k - +0 cloak
rCorr    +         Rampage  .   A - +0 pair of gloves
Will     .....                  (no barding)
Stlth    ..........             (no amulet)
HPRegen  0.21/turn              b - ring "Anneump" {Wiz rElec rF- rN+ Str+9}
MPRegen  0.13/turn              (no ring)

@: brilliant, about to teleport, resistant, studying Invocations, curled up
A: large, reduced essence, rugged brown scales 3, see invisible, deformed body,
deterioration 1, sense surroundings 1, roll 2, armoured tail, reflexive curl
a: Rolling Charge, Renounce Religion, Recall Ancestor, Ancestor Identity,
Transference


You were on level 7 of the Dungeon.
You worshipped Hepliaklqana.
Hepliaklqana was most pleased with you.
You visited 1 branch of the dungeon, and saw 7 of its levels.

You collected 403 gold pieces.

Inventory:

Hand Weapons
 a - a +0 war axe (weapon)
Armour
 c - a +0 kite shield (worn)
 k - a +0 cloak (worn)
 n - a +0 helmet (worn)
 A - a +0 pair of gloves (worn)
 E - a +1 plate armour (worn)
Jewellery
 b - the ring "Anneump" (left hand) {Wiz rElec rF- rN+ Str+9}
   (You found it on level 6 of the Dungeon)

   [ring of wizardry]

   It improves your spell success rate.
   It affects your strength (+9).
   It makes you vulnerable to fire.
   It insulates you from electricity.
   It protects you from negative energy.
 j - an uncursed ring of wizardry
 r - an uncursed ring of wizardry
 s - an uncursed ring of ice
Wands
 v - a wand of paralysis (8)
 B - a wand of flame (21)
Scrolls
 f - 2 scrolls of identify
 h - 2 scrolls of immolation
 i - 2 scrolls of teleportation
 q - 2 scrolls of amnesia
 u - 2 scrolls of fear
 y - a scroll of remove curse
Potions
 d - 2 potions of might
 e - a potion of attraction
 g - 2 potions of flight
 l - 2 potions of berserk rage
 m - a potion of curing
 t - a potion of degeneration
Books
 z - a manual of Invocations


   Skills:
 + Level 4.9 Fighting
 + Level 7.3 Axes
 + Level 4.8 Armour
 + Level 1.1 Dodging
 + Level 0.8 Stealth
 + Level 4.0 Shields
 * Level 6.5 Invocations
 * Level 3.0 Evocations


You had 8 spell levels left.
You didn't know any spells.
Your spell library contained the following spells:

 Spells                   Type           Power        Failure   Level
 Magic Dart               Conj           0%           100%        1
 Sandblast                Erth           0%           100%        1
 Blink                    Tloc           N/A          100%        2
 Call Imp                 Summ           0%           100%        2
 Passwall                 Tmut/Erth      0%           100%        2
 Slow                     Hex            0%           100%        2
 Confusing Touch          Hex            0%           100%        3
 Conjure Flame            Conj/Fire      0%           100%        3
 Gell's Gravitas          Tloc           0%           100%        3
 Mephitic Cloud           Conj/Pois/Air  0%           100%        3
 Stone Arrow              Conj/Erth      0%           100%        3
 Petrify                  Tmut/Erth      0%           100%        4
 Lee's Rapid Deconstruct  Erth           0%           100%        5
 Metabolic Englaciation   Hex/Ice        0%           100%        5
 Yara's Violent Unravell  Hex/Tmut       0%           100%        5


Dungeon Overview and Level Annotations

Branches:
Dungeon (7/15)             Temple (0/1) D:4

Altars:
Hepliaklqana


Innate Abilities, Weirdness & Mutations

You are completely covered in rugged brown scales. (AC +3, +7% HP)
You have supernaturally acute eyesight. (SInv)
Armour fits poorly on your strangely shaped body.
You can roll at foes to attack.
You have a long armoured tail.
You curl defensively after being hit.
Your life essence is reduced to manifest your ancestor. (-10% HP)
Your body sometimes deteriorates upon taking damage.
You passively map a small area around you.


Message History

Your body deteriorates!
You feel weakened.
You hear a shout!
The orc priest looks satisfied for a moment.
The orc priest calls down the wrath of Beogh upon you.
Beogh smites you!
* * * LOW HITPOINT WARNING * * *
Your body deteriorates!
You feel weakened.
The bullfrog hits you but does no damage.
As you read the scroll of fear, it crumbles to dust.
You assume a fearsome visage.
The orc warrior looks frightened!
The orc priest looks frightened! x2; The bullfrog looks frightened!
The orc wizard casts a spell at itself.
The orc wizard flickers and vanishes for a moment.
Cornered, the orc priest turns to fight! x2
Cornered, the bullfrog turns to fight!
As you read the scroll of teleportation, it crumbles to dust.
You feel strangely unstable.
The orc priest calls down the wrath of Beogh upon you.
Beogh smites you!
You die...

#.#.# * #.#.# * *
#.#o# ###### ,
..#.# #.....
*###.# #.#### #.#
#.# #F# #.# #.#
##.## #@# #...# #
#.# ###...### #.#
#.......#
#.########.(..†.>.
#................#
############...###
#...... #######


You could see a bullfrog and an orc priest.

Vanquished Creatures
  Pikel (D:4)
  Prince Ribbit (D:5)
  Eustachio (D:4)
  Edmund (D:4)
  Duvessa (D:5)
  A sky beast (D:7)
  2 ogres
  A lemure (D:4)
  A water moccasin zombie (D:6)
  A scorpion (D:4)
  A howler monkey (D:5)
  A hound (D:4)
  2 orc priests (D:7)
  An orc wizard (D:6)
  A bullfrog skeleton (D:5)
  Jessica (D:3)
  Ijyb (D:5)
  Terence (D:3)
  2 worker ants
  2 hound skeletons
  4 gnolls (D:5)
  4 adders
  A shadow imp (D:5)
  A white imp (D:5)
  2 oozes
  An adder skeleton (D:6)
  2 worms (D:2)
  A dart slug (D:2)
  3 leopard geckos
  12 orcs
  6 giant cockroaches
  11 goblins
  5 hobgoblins
  3 quokkas
  6 bats
  3 frilled lizards
  A giant cockroach zombie (D:6)
  A jackal skeleton (D:5)
  5 kobolds
  2 leopard gecko skeletons
  A quokka zombie (D:6)
  5 rats
104 creatures vanquished.

Vanquished Creatures (collateral kills)
  A sky beast (D:7)
  A black bear (D:6)
  Dowan (D:5)
  A scorpion (D:4)
  A bullfrog skeleton (D:5)
  An orc wizard (D:4)
  2 worker ants
  Robin (D:3)
  2 adders (D:5)
  An ooze (D:3)
  3 orcs
  A goblin (D:3)
  A kobold (D:2)
  A leopard gecko skeleton (D:5)
18 creatures vanquished.

Vanquished Creatures (others)
  A hexer (D:7)
1 creature vanquished.

Grand Total: 123 creatures vanquished

Notes
Turn   | Place    | Note
-------+----------+-------------------------------------------
     0 | D:1      | Revguard the Palentonga Fighter began the quest for the
                  | Orb.
     0 | D:1      | Reached XP level 1. HP: 20/20 MP: 1/1
   303 | D:1      | Reached XP level 2. HP: 27/27 MP: 2/2
   628 | D:2      | Found a hazy altar of Hepliaklqana.
   676 | D:2      | Became a worshipper of Hepliaklqana the Forgotten
   748 | D:2      | Reached XP level 3. HP: 30/30 MP: 0/3
   821 | D:2      | Found a faded altar of an unknown god.
  1050 | D:3      | Gained mutation: You are somewhat resistant to further
                  | mutation. [potion of mutation]
  1081 | D:3      | Noticed Robin
  1118 | D:3      | Killed Robin
  1131 | D:3      | Reached skill level 3 in Axes
  1135 | D:3      | Reached XP level 4. HP: 15/36 MP: 4/4
  1146 | D:3      | Lost mutation: You are somewhat resistant to further
                  | mutation. [potion of mutation]
  1146 | D:3      | Gained mutation: You have large cloven feet. [potion of
                  | mutation]
  1146 | D:3      | Gained mutation: Your magical capacity is low. (-10% MP)
                  | [potion of mutation]
  1146 | D:3      | Gained mutation: Your body sometimes deteriorates upon
                  | taking damage. [potion of mutation]
  1146 | D:3      | Gained mutation: Your muscles are strong. (Str +2) [potion
                  | of mutation]
  1443 | D:3      | Reached * piety under Hepliaklqana
  1692 | D:3      | Noticed Jessica
  1694 | D:3      | Killed Jessica
  1823 | D:3      | Noticed Terence
  1827 | D:3      | Killed Terence
  1828 | D:3      | Reached XP level 5. HP: 43/43 MP: 4/4
  2020 | D:4      | Noticed a lemure
  2020 | D:4      | Noticed a lemure
  2020 | D:4      | Noticed a lemure
  2021 | D:4      | Noticed Pikel
  2024 | D:4      | Noticed a lemure
  2028 | D:4      | Killed a lemure
  2035 | D:4      | Killed Pikel
  2036 | D:4      | Reached skill level 5 in Axes
  2036 | D:4      | Reached XP level 6. HP: 20/50 MP: 4/7
  2036 | D:4      | Gained mutation: You curl defensively after being hit.
                  | [Palentonga growth]
  2036 | D:4      | Reached XP level 7. HP: 23/57 MP: 4/8
  2504 | D:4      | Noticed Edmund
  2527 | D:4      | Killed Edmund
  2553 | D:4      | Noticed Eustachio
  2563 | D:4      | Killed Eustachio
  2564 | D:4      | Reached skill level 1 in Evocations
  2599 | D:4      | Reached XP level 8. HP: 42/64 MP: 9/9
  2859 | D:4      | Reached skill level 1 in Dodging
  2990 | D:4      | Reached ** piety under Hepliaklqana
  2991 | D:4      | Remembered your ancestor Sinnashi as a hexer
  3011 | D:4      | Found a staircase to the Ecumenical Temple.
  3167 | D:5      | Entered Level 5 of the Dungeon
  3371 | D:5      | Noticed Duvessa
  3382 | D:5      | Killed Duvessa
  3383 | D:5      | Reached skill level 6 in Axes
  3384 | D:5      | Noticed Dowan
  3385 | D:5      | Lost mutation: Your body sometimes deteriorates upon taking
                  | damage. [potion of mutation]
  3385 | D:5      | Lost mutation: You have large cloven feet. [potion of
                  | mutation]
  3385 | D:5      | Lost mutation: Your muscles are strong. (Str +2) [potion of
                  | mutation]
  3385 | D:5      | Lost mutation: Your magical capacity is low. (-10% MP)
                  | [potion of mutation]
  3385 | D:5      | Gained mutation: You passively map a small area around you.
                  | [potion of mutation]
  3385 | D:5      | Gained mutation: Your body sometimes deteriorates upon
                  | taking damage. [potion of mutation]
  3385 | D:5      | Gained mutation: You can roll at foes to attack. [potion of
                  | mutation]
  3401 | D:5      | Killed Dowan
  3579 | D:5      | Noticed Prince Ribbit
  3606 | D:5      | Killed Prince Ribbit
  3607 | D:5      | Reached skill level 5 in Invocations
  4055 | D:5      | Noticed Ijyb
  4061 | D:5      | Killed Ijyb
  4318 | D:6      | Got a steaming bronze ring
  4487 | D:6      | Reached *** piety under Hepliaklqana
  4529 | D:6      | Reached skill level 7 in Axes
  4529 | D:6      | Reached XP level 9. HP: 69/69 MP: 13/13
  4541 | D:6      | Identified the ring "Anneump" {Wiz rElec rF- rN+ Str+9}
                  | (You found it on level 6 of the Dungeon)
  5176 | D:7      | Killed from afar by an orc priest

Illustrated notes

Levels and vault maps discovered:
D:1:      lemuel_arrival_cross, layout_rooms, nrook_loot_triangle
D:2:      layout_rooms, marbit_many_paths, chequers_ecumenical_altar_simple,
          minmay_pentomino_pile
D:3:      layout_basic, uniq_terence, uniq_jessica, uniq_robin
D:4:      layout_cave_pools, lemuel_temple_firewalk_a, serial_glass,
          glass_columns_a, glass_columns_c, uniq_pikel, uniq_edmund,
          uniq_eustachio
D:5:      layout_loops_ring, grunt_decor_one_mirror, minmay_manual_moon,
          uniq_ijyb, uniq_duvessa, uniq_prince_ribbit1
D:6:      layout_loops_ring, kennysheep_generic_room_5
D:7:      layout_loops_ring, basic_altar, minmay_tree_intersection

Skill      XL: |  1  2  3  4  5  6  7  8  9 |
---------------+----------------------------+-----
Axes           | 3 5 7 |  7.3
Shields        | 3 4 |  4.0
Armour         | 3 4 |  4.8
Fighting       | 4 |  4.9
Invocations    | 2 3 5 6 |  6.5
Evocations     | 1 2 3 |  3.0
Dodging        | 1 |  1.1
Stealth        | |  0.8

Action                   |  1- 3 |  4- 6 |  7- 9 || total
-------------------------+-------+-------+-------++-------
Melee: War axe           |    84 |    43 |   198 ||   325
       Tailslap          |    10 |     3 |    22 ||    35
       Kick              |       |    12 |    22 ||    34
Invok: Recall Ancestor   |     1 |       |       ||     1
       Ancestor Identity |       |     1 |       ||     1
       Ancestor Life: He |       |       |     1 ||     1
 Abil: Rolling Charge    |    16 |     8 |    26 ||    50
Evoke: Wand              |       |       |     1 ||     1
  Use: Scroll            |     4 |       |    13 ||    17
       Potion            |     1 |     2 |     8 ||    11
 Stab: Paralysed         |       |       |     2 ||     2
       Distracted        |       |       |     1 ||     1
       Confused          |       |       |     2 ||     2
Armor: Scale mail        |    26 |    26 |    27 ||    79
       Chain mail        |       |       |    58 ||    58
       Plate armour      |       |       |    31 ||    31
Dodge: Dodged            |    21 |    14 |    39 ||    74
Block: Kite shield       |    34 |    26 |    79 ||   139
